 Dungeon Crawl Stone Soup version 0.24-a0-809-g71cb82dfb8 (webtiles) character file.

Game seed: 1854170178346185563, levelgen mode: deterministic

21032 HumanIsDead the Spear-Bearer (level 13, 0/98 HPs)
             Began as a Human Assassin on Oct 11, 2019.
             Was a High Priest of Okawaru.
             Killed by refrigeration
             ... invoked by Fannar
              (20 damage)
             ... on level 1 of the Lair of Beasts.
             The game lasted 00:50:27 (21217 turns).

HumanIsDead the Spear-Bearer (Human Assassin)      Turns: 21217, Time: 00:50:28

Health: 0/98       AC:  9    Str: 12    XL:     13   Next: 16%
Magic:  24/24      EV: 21    Int: 20    God:    Okawaru [*****.]
Gold:   732        SH: 12    Dex: 14    Spells: 12/12 levels left

rFire    . . .     SeeInvis .   a - +2 trident (venom)
rCold    . . .     Gourm    .   t - +0 shield
rNeg     . . .     Faith    .   k - +0 leather armour
rPois    +         Spirit   .   m - +0 helmet of the Pit {+Fly rPois rCorr Int+3}
rElec    .         Reflect  .   c - +1 cloak
rCorr    +         Harm     .   y - +0 pair of gloves
MR       .....                  (no boots)
Stlth    ++++......             q - amulet of the acrobat
HPRegen  0.26/turn              (no ring)
MPRegen  0.19/turn              E - ring of magical power

@: about to teleport, heroism, studying Shields
A: no striking features
a: Heroism, Finesse, Renounce Religion, Evoke Flight


You were on level 1 of the Lair of Beasts.
You worshipped Okawaru.
Okawaru was extremely pleased with you.
You were hungry.

You visited 2 branches of the dungeon, and saw 12 of its levels.

You collected 732 gold pieces.

Inventory:

Hand Weapons
 a - a +2 trident of venom (weapon)
 b - the +9 quarterstaff "Loreih" {speed, rElec Str+4}
   (You took it off an orc on level 9 of the Dungeon)

   Attacks with this weapon are significantly faster.
   It affects your strength (+4).
   It insulates you from electricity.
 C - a +4 hunting sling of flaming
 F - a +1 glaive of freezing
 L - the +6 mace "Ezops" {crush, rC+ Str+3 Dex+4}
   (You found it on level 2 of the Lair of Beasts)

   It inflicts extra damage upon your enemies.
   It affects your strength (+3).
   It affects your dexterity (+4).
   It protects you from cold.
Missiles
 d - 39 poisoned darts
 e - 3 curare-tipped darts (quivered)
 u - 4 atropa-tipped darts
 v - 5 throwing nets
Armour
 c - a +1 cloak (worn)
 k - a +0 leather armour (worn)
 m - the +0 helmet of the Pit (worn) {+Fly rPois rCorr Int+3}
   (You found it on level 10 of the Dungeon)

   It affects your intelligence (+3).
   It protects you from poison.
   It lets you fly.
   It provides partial protection from all sources of acid and corrosion.
 p - a +1 chain mail of fire resistance
 t - a +0 shield (worn)
 y - a +0 pair of gloves (worn)
 K - a scarf of resistance
Jewellery
 q - an amulet of the acrobat (around neck)
 D - an uncursed ring of protection from magic {unknown}
 E - a ring of magical power (right hand)
 N - an uncursed ring of resist corrosion {unknown}
Wands
 i - a wand of iceblast (8)
 x - a wand of paralysis (7)
 G - a wand of enslavement (9)
Scrolls
 j - 4 scrolls of teleportation
 n - 2 scrolls of identify
 r - 5 scrolls of amnesia
 w - a scroll of fear {unknown}
 z - a scroll of magic mapping
 B - a scroll of vulnerability {unknown}
 H - a scroll of silence {unknown}
 J - a scroll of enchant weapon {unknown}
 O - 2 scrolls of remove curse
Potions
 g - a potion of cancellation
 l - 2 potions of curing
 o - a potion of ambrosia
 s - a potion of flight
 A - 2 potions of lignification
 M - a potion of mutation {unknown}
Books
 h - a manual of Shields
Miscellaneous
 I - a crystal ball of energy
Comestibles
 f - 21 rations


   Skills:
 - Level 8.0(13.0) Fighting
   Level 2.0(7.0) Short Blades
 - Level 14.0(19.0) Polearms
 - Level 2.0(7.0) Throwing
 - Level 5.2(10.2) Armour
 - Level 10.1(15.1) Dodging
 - Level 4.0(9.0) Stealth
 + Level 8.3(13.3) Shields
 - Level 3.0 Invocations


You had 12 spell levels left.
You didn't know any spells.
Your spell library contained the following spells:

 Spells                   Type           Power        Failure   Level  Hunger
 Animate Skeleton         Necr           N/A          28%         1    ##.....
 Apportation              Tloc           #.....       28%         1    ##.....
 Confusing Touch          Hex            #.....       28%         1    ##.....
 Corona                   Hex            #......      28%         1    ##.....
 Summon Small Mammal      Summ           #...         28%         1    ##.....
 Ensorcelled Hibernation  Hex/Ice        #.....       41%         2    ###....
 Confuse                  Hex            #.......     65%         3    ####...
 Dazzling Spray           Conj/Hex       #.....       65%         3    ####...
 Tukima's Dance           Hex            #.......     65%         3    ####...


Dungeon Overview and Level Annotations

Branches:
Dungeon (10/15)            Temple (0/1) D:6            Lair (2/6) D:8
  Snake (0/4) Lair:2          Orc (0/2) D:10
  Swamp: Lair:2-4    Shoals: Lair:2-4

Altars:
Cheibriados
Elyvilon
Fedhas
Gozag
Hepliaklqana
Okawaru
Qazlal
Ru
Sif Muna
Trog
Uskayaw
Zin
The Shining One

Shops:
D:4 }   D:6 [   D:10 !

Annotations:
D:6 2 runed translucent doors, Thufir's ghost, novice MiFi
Lair:1 Fannar


Message History

You hit Fannar.
Fannar looks as sick as possible!
Fannar is moderately wounded.
You miss Fannar.
Fannar is moderately wounded.
Fannar casts a spell.
Fannar drains the heat from the surrounding environment!
You feel very cold.
* * * LOW HITPOINT WARNING * * *
Fannar is frozen.
Fannar resists.
You miss Fannar.
Fannar is moderately wounded.
You puncture Fannar!
Fannar is heavily wounded.
Fannar completely misses you.
You hit Fannar but do no damage.
Fannar is heavily wounded.
Fannar mumbles some strange words.
Fannar drains the heat from the surrounding environment!
You feel very cold.
You die...

## ##...## #....#...... ##
#....P# #........... .# #######
#.#.##...... ≈## #.#.#....... ..#
#.#..#...... ≈.# #.#......... ≈.#
#####........... ≈≈###
#####.##.)#......... ≈...#
##..@.###..#......... ≈≈..#
####...e...#..#.##...... ≈...####
#.#....8.....##..#.#.#..
....##.####...#.###....#.........
........##...#.#.###...##........
.............##.####....####.....
......###.........##.....###...##
..........................+...###
.......8.....8..>..8.....8##..###


You could see Fannar.

Vanquished Creatures
  Harold (D:7)
  2 two-headed ogres (D:8)
  Urug (D:10)
  An unseen horror (D:10)
  An oklob plant (Lair:1)
  A black mamba (Lair:2)
  Psyche (D:9)
  4 spiny frogs
  A yaktaur (D:10)
  A troll (D:10)
  A queen bee (D:8)
  A hornet (D:9)
  Prince Ribbit (D:7)
  3 blink frogs (Lair:1)
  3 hippogriffs
  4 hungry ghosts
  A wyvern (D:10)
  Grum (D:5)
  19 yaks
  Duvessa (D:6)
  2 porcupines (Lair:1)
  3 water moccasins (Lair:1)
  5 orc warriors
  2 ice beasts (D:7)
  2 black bears
  2 sky beasts (D:10)
  2 phantoms
  2 necrophages
  5 ogres
  35 wolves
  5 centaurs
  3 crocodiles
  Blork the orc (D:6)
  A big kobold (D:7)
  12 bullfrogs
  2 gnoll sergeants (D:5)
  A wyvern zombie (D:10)
  Dowan (D:6)
  3 scorpions
  18 killer bees
  A howler monkey (D:4)
  4 wights (D:9)
  An electric eel (D:8)
  A crimson imp (D:8)
  A centaur zombie (D:5)
  A bullfrog zombie (D:10)
  A bullfrog skeleton (D:4)
  19 hounds
  A jelly (D:7)
  An orc wizard (D:5)
  4 orc priests
  2 centaur skeletons
  3 gnoll shamans (D:5)
  An iguana (D:8)
  11 worker ants
  A killer bee zombie (D:6)
  A mummy (D:5)
  2 hound skeletons (D:9)
  A worker ant zombie (D:5)
  25 gnolls
  9 adders
  4 shadow imps
  An ooze (D:1)
  An adder zombie (D:8)
  4 worms
  5 dart slugs
  8 leopard geckos
  27 orcs
  6 ball pythons
  8 bats
  6 giant cockroaches
  7 hobgoblins
  25 jackals
  21 kobolds
  5 quokkas
  6 frilled lizards
  7 goblins
  A goblin zombie (D:5)
  A hobgoblin zombie (D:5)
  2 leopard gecko skeletons
  2 quokka skeletons
  14 rats
  2 plants (Lair:1)
410 creatures vanquished.

Vanquished Creatures (others)
  An orc (D:8)
  A fungus (Lair:2)
  A plant (Lair:2)
3 creatures vanquished.

Grand Total: 413 creatures vanquished

Notes
Turn   | Place    | Note
-------+----------+-------------------------------------------
     0 | D:1      | HumanIsDead the Human Assassin began the quest for the Orb.
     0 | D:1      | Reached XP level 1. HP: 16/16 MP: 1/1
    81 | D:1      | Reached XP level 2. HP: 20/23 MP: 2/2
   223 | D:1      | Reached XP level 3. HP: 26/28 MP: 3/3
  1050 | D:2      | Found an iron altar of Okawaru.
  1063 | D:2      | Became a worshipper of Warmaster Okawaru
  1139 | D:2      | Reached XP level 4. HP: 29/35 MP: 4/4
  1195 | D:2      | Found a snail-covered altar of Cheibriados.
  1527 | D:2      | Reached XP level 5. HP: 34/41 MP: 5/5
  2027 | D:3      | Noticed a centaur
  2032 | D:3      | Killed a centaur
  2032 | D:3      | Reached XP level 6. HP: 49/49 MP: 6/6
  2217 | D:3      | Found a bloodstained altar of Trog.
  2493 | D:3      | Reached * piety under Okawaru
  2745 | D:4      | Found an opulent altar of Gozag.
  3315 | D:4      | Noticed an ogre
  3320 | D:4      | Noticed an ogre
  3331 | D:3      | Killed an ogre
  3331 | D:3      | Reached skill level 5 in Fighting
  3331 | D:3      | Reached skill level 5 in Dodging
  3331 | D:3      | Reached XP level 7. HP: 30/56 MP: 7/7
  3996 | D:4      | Reached ** piety under Okawaru
  4268 | D:4      | Found a glowing golden altar of the Shining One.
  4335 | D:4      | Reached XP level 8. HP: 53/64 MP: 8/8
  4911 | D:4      | Found a white marble altar of Elyvilon.
  4925 | D:4      | Found Caghef's Gadget Shop.
  5131 | D:5      | Entered Level 5 of the Dungeon
  6385 | D:5      | Found a blossoming altar of Fedhas.
  7090 | D:5      | Reached skill level 1 in Armour
  7201 | D:5      | Reached XP level 9. HP: 36/72 MP: 9/9
  7466 | D:5      | Reached *** piety under Okawaru
  7490 | D:5      | Noticed Grum
  7518 | D:5      | HP: 1/72 [Grum/+0 spear (14)]
  7519 | D:5      | Killed Grum
  8905 | D:6      | Noticed Blork the orc
  8908 | D:6      | Found a runed translucent door.
  8923 | D:6      | Killed Blork the orc
  9053 | D:6      | Noticed Thufir's ghost (novice MiFi)
  9102 | D:6      | Reached skill level 1 in Polearms
  9197 | D:6      | Reached skill level 2 in Polearms
  9482 | D:6      | Noticed Duvessa
  9505 | D:6      | Killed Duvessa
  9561 | D:6      | Found a hide-covered altar of Uskayaw.
  9613 | D:6      | Found Ylach's Armour Shop.
  9674 | D:6      | Noticed Dowan
  9730 | D:6      | Killed Dowan
  9730 | D:6      | Reached **** piety under Okawaru
  9730 | D:6      | Reached skill level 3 in Polearms
  9892 | D:6      | Found a runed translucent door.
  9920 | D:6      | Found a staircase to the Ecumenical Temple.
 10081 | D:7      | Found a stormy altar of Qazlal.
 10155 | D:7      | Found a hazy altar of Hepliaklqana.
 10203 | D:7      | Reached XP level 10. HP: 80/80 MP: 10/10
 10251 | D:7      | Noticed Harold
 10268 | D:7      | Killed Harold
 10268 | D:7      | Reached skill level 5 in Polearms
 10268 | D:7      | Reached skill level 10 in Dodging
 10275 | D:7      | Reached ***** piety under Okawaru
 10275 | D:7      | Received a gift from Okawaru
 10489 | D:7      | Found a sacrificial altar of Ru.
 10494 | D:7      | Reached skill level 6 in Polearms
 10640 | D:7      | You fall into a shaft and drop 3 floors!
 10640 | D:10     | Entered Level 10 of the Dungeon
 10741 | D:7      | Noticed Prince Ribbit
 10765 | D:7      | Killed Prince Ribbit
 10765 | D:7      | Received a gift from Okawaru
 10948 | D:8      | Reached skill level 7 in Polearms
 10960 | D:8      | Found a glowing silver altar of Zin.
 11193 | D:8      | Noticed a two-headed ogre
 11244 | D:8      | Killed a two-headed ogre
 11244 | D:8      | Reached skill level 8 in Polearms
 11277 | D:8      | Found a staircase to the Lair.
 11358 | D:8      | Noticed a two-headed ogre
 11385 | D:8      | Reached XP level 11. HP: 81/86 MP: 11/11
 11396 | D:8      | Reached skill level 9 in Polearms
 11430 | D:8      | Killed a two-headed ogre
 11462 | D:8      | Reached skill level 10 in Polearms
 12521 | D:9      | Found a shimmering blue altar of Sif Muna.
 12639 | D:9      | Reached skill level 1 in Invocations
 12655 | D:9      | Noticed Psyche
 12680 | D:9      | Killed Psyche
 13050 | D:9      | Identified the +9 quarterstaff "Loreih" {speed, rElec
                  | Str+4}
 13329 | D:9      | Noticed a white ugly thing
 13329 | D:9      | Noticed a deep elf mage
 13329 | D:9      | Noticed a wizard
 13330 | D:9      | Noticed a cyclops
 13330 | D:9      | Noticed a red ugly thing
 13346 | D:9      | Received a gift from Okawaru
 13346 | D:9      | Reached skill level 11 in Polearms
 13347 | D:9      | Noticed a manticore
 13383 | D:9      | Noticed a cyclops
 13399 | D:9      | Noticed a manticore
 14740 | D:9      | Found a shimmering blue altar of Sif Muna.
 15140 | D:9      | Noticed a death drake
 15251 | D:10     | Noticed Urug
 15675 | D:10     | Identified the +0 helmet of the Pit {+Fly rPois rCorr
                  | Int+3} (You found it on level 10 of the Dungeon)
 15935 | D:10     | Reached XP level 12. HP: 54/92 MP: 14/14
 16305 | D:10     | Found Pyschosa's Distillery.
 16383 | D:10     | Killed an unseen horror
 16383 | D:10     | Reached skill level 5 in Armour
 16556 | D:10     | Killed Urug
 16556 | D:10     | Reached skill level 12 in Polearms
 16652 | D:10     | Found a staircase to the Orcish Mines.
 17158 | Lair:1   | Entered Level 1 of the Lair of Beasts
 17280 | Lair:1   | Received a gift from Okawaru
 17600 | Lair:1   | Reached skill level 13 in Polearms
 18203 | Lair:1   | Received a gift from Okawaru
 19534 | Lair:1   | Reached skill level 14 in Polearms
 19551 | Lair:1   | Reached skill level 1 in Shields
 19825 | Lair:2   | Received a gift from Okawaru
 20135 | Lair:2   | Reached XP level 13. HP: 84/98 MP: 15/15
 20180 | Lair:1   | Reached skill level 5 in Shields
 20595 | Lair:2   | Identified the +6 mace "Ezops" {crush, rC+ Str+3 Dex+4}
                  | (You found it on level 2 of the Lair of Beasts)
 20683 | Lair:2   | Found a staircase to the Snake Pit.
 21046 | Lair:2   | Noticed Fannar
 21217 | Lair:1   | Killed from afar by Fannar

Levels and vault maps discovered:
D:1:      dpeg_arrival_subterranean_lakeside_camping, layout_loops_corners,
          st_stairs_8, nrook_loot_triangle
D:2:      layout_rooms, okawaru_ov_weapons_minmay, kennysheep_slug_shrine,
          st_stairs_8, minmay_cupped
D:3:      layout_loops_ring, lightli_temple_of_fire, kennysheep_nondescript,
          serial_park_tiny_1, chequers_jeans
D:4:      layout_cave_pools, tso_oasis_becter, elyvilon_altar_1,
          nicolae_gozag_seed_capital, serial_shops, shop
D:5:      layout_cave_pools, lemuel_doored_altar, first_ration,
          nicolae_ossuary_entry_giza, serial_gnoll_camp, gnoll_camp_huts_basic,
          gnoll_camp_mini_loothouse, grums_kennel, gnoll_camp_mini_house,
          gnoll_camp_mini_hut
D:6:      layout_cave_pools, kennysheep_little_box,
          minmay_temple_entry_junction, serial_shops, kennysheep_mini,
          ebering_ghost_sewer_f, uniq_blork_the_orc, uniq_duvessa
D:7:      layout_basic, old_standard_altar, nicolae_qazlal_style_of_elements,
          overflow_temple_1_default, uniq_prince_ribbit1, uniq_harold
D:8:      layout_loops_ring, lemuel_crystal_altar, lair_entry_dummy,
          serial_bayou, serial_bayou_pond_e, serial_bayou_pond_d,
          serial_bayou_pond_a, serial_bayou_pond_a, david_nohive_1,
          minmay_manual_mares, uniq_grum
D:9:      layout_rooms, tgw_sif, hangedman_decor_peaks_small, minivault_12,
          uniq_psyche
D:10:     layout_big_octagon, orc_david_3, serial_shops, shop,
          minmay_checkerbox, uniq_urug
Lair:1:   layout_gridlike, minmay_lair_oklob_chamber, grunt_megastairs_5,
          infiniplex_staircase_pool_2
Lair:2:   layout_roguey, dummy_snake_entry, grunt_forest_large_clearings,
          serial_bayou_shore_b, uniq_fannar

Skill      XL: |  1  2  3  4  5  6  7  8  9 10 11 12 13 |
---------------+----------------------------------------+-----
Dodging        | 2 3 4 5 6 7 9 10 | 10.1
Fighting       | 3 4 5 7 8 |  8.0
Armour         | 1 4 5 |  5.2
Polearms       | 3 8 11 14 | 14.0
Invocations    | 3 |  3.0
Shields        | 4 8 |  8.3
Short Blades   | |  2.0
Throwing       | |  2.0
Stealth        | |  4.0

Action                   |  1- 3 |  4- 6 |  7- 9 | 10-12 | 13-15 || total
-------------------------+-------+-------+-------+-------+-------++-------
Melee: Dagger            |    96 |   200 |   552 |       |       ||   848
       Punch             |       |       |     1 |     5 |       ||     6
       Trident           |       |       |    22 |   932 |   179 ||  1133
       Quarterstaff      |       |       |       |    30 |       ||    30
Throw: Dart              |       |       |    14 |     5 |       ||    19
Invok: Heroism           |       |       |     5 |    20 |     3 ||    28
Evoke: Wand              |       |       |       |     4 |       ||     4
  Use: Scroll            |       |       |     7 |    11 |     3 ||    21
       Potion            |       |       |     3 |     5 |       ||     8
 Stab: Sleeping          |    15 |    11 |     4 |     9 |       ||    39
       Distracted        |       |     1 |     2 |     5 |     1 ||     9
       Paralysed         |       |       |       |     9 |       ||     9
  Eat: Chunk             |       |     8 |    18 |    29 |     3 ||    58
       Ration            |       |       |     1 |     4 |       ||     5
Armor: Robe              |    25 |    38 |    32 |       |       ||    95
       Leather armour    |       |       |    69 |   115 |    19 ||   203
Dodge: Dodged            |    56 |   157 |   517 |   662 |    82 ||  1474
Block: Shield            |       |       |       |       |    39 ||    39

Table legend:
 A = Non-vault XP
 B = Vault XP
 C = Vault XP percentage of total XP
 D = Non-vault monster count
 E = Vault monster count
 F = Vault count percentage of total count
                 A         B        C        D         E       F
            +---------+---------+-------+---------+---------+-------
      Total |   19641 |   10406 |  34.6 |     296 |     112 |  27.5
            +---------+---------+-------+---------+---------+-------
        D:1 |      51 |      11 |  17.7 |      24 |       8 |  25.0
        D:2 |      53 |      27 |  33.8 |      30 |       7 |  18.9
        D:3 |     475 |       0 |   0.0 |      39 |       0 |   0.0
        D:4 |     628 |      76 |  10.8 |      34 |       4 |  10.5
        D:5 |     444 |    1065 |  70.6 |      22 |      29 |  56.9
        D:6 |     552 |     338 |  38.0 |       9 |       3 |  25.0
        D:7 |    1120 |    1270 |  53.1 |      25 |       2 |   7.4
        D:8 |    2885 |    1446 |  33.4 |      20 |      18 |  47.4
        D:9 |    3059 |     404 |  11.7 |      38 |       1 |   2.6
       D:10 |    2639 |    1733 |  39.6 |      17 |       9 |  34.6
     Lair:1 |    5222 |    1587 |  23.3 |      26 |      10 |  27.8
     Lair:2 |    2513 |    2449 |  49.4 |      12 |      21 |  63.6
            +---------+---------+-------+---------+---------+-------
